 Dungeon Crawl Stone Soup version 0.29-a0-483-g69413ace17 (webtiles) character file.

Game seed: 13283052467162019544

301 spiderkeys the Skirmisher (level 6, -1/57 HPs)
             Began as a Naga Abyssal Knight on May 26, 2022.
             Was a Priest of Lugonu.
             Killed from afar by a kobold (25 damage)
             ... with a bolt of acid
             ... on level 4 of the Dungeon.
             The game lasted 00:06:47 (4558 turns).

spiderkeys the Skirmisher (Naga Abyssal Knight)     Turns: 4558, Time: 00:06:48

Health: -1/57      AC:  4    Str: 15    XL:     6   Next: 37%
Magic:  9/9        EV:  9    Int: 12    God:    Lugonu [***...]
Gold:   139        SH:  0    Dex: 12    Spells: 5/9 levels left

rFire   . . .      SeeInvis +   q - +1 trident
rCold   . . .      Faith    .   (no shield)
rNeg    + . .      Spirit   .   b - +0 leather armour
rPois   +          Reflect  .   m - +0 helmet
rElec   .          Harm     .   (no cloak)
rCorr   .          Rampage  .   (no gloves)
Will    .....                   (no barding)
Stlth   +.........              (no amulet)
HPRegen 0.19/turn               N - ring of positive energy
MPRegen 0.11/turn               (no ring)

@: short of breath, very slow
A: AC +2, large, see invisible, deformed body, poison resistance, slowness 2,
spit poison 1, naga tail 1
a: Spit Poison, Renounce Religion, Depart the Abyss, Bend Space, Banish


You were on level 4 of the Dungeon.
You worshipped Lugonu.
Lugonu was most pleased with you.
You visited 1 branch of the dungeon, and saw 4 of its levels.
You visited the Abyss 1 time.

You collected 139 gold pieces.


Innate Abilities, Weirdness & Mutations

Your serpentine skin is tough. (AC +2)
You have supernaturally acute eyesight. (SInv)
Armour fits poorly on your strangely shaped body.
Your system is resistant to poisons. (rPois)
You cover ground very slowly.
You can spit poison.
You have a snake-like lower body.


   Skills:
 + Level 4.1 Fighting
 + Level 3.4 Polearms
 - Level 1.5 Armour
 - Level 0.7 Dodging
 + Level 2.2 Spellcasting
 + Level 1.9 Summonings
 + Level 3.7 Invocations


You had 5 spell levels left.
You knew the following spells:

 Your Spells              Type           Power      Damage    Failure   Level
g - Gell's Gravitas       Tloc           1%         N/A       69%         3
s - Summon Small Mammal   Summ           24%        N/A       14%         1

Your spell library contained the following spells:

 Spells                   Type           Power      Damage    Failure   Level
 Apportation              Tloc           2%         N/A       32%         1
 Call Canine Familiar     Summ           6%         N/A       41%         3
 Summon Guardian Golem    Hex/Summ       3%         N/A       54%         3
 Teleport Other           Tloc           1%         N/A       69%         3
 Alistair's Intoxication  Tmut/Pois      0%         N/A       100%        5
 Dispersal                Tloc           0%         N/A       100%        6

Inventory:

Hand Weapons
 a - a +1 spear
 q - a +1 trident (weapon)
   (You took it off a hobgoblin on level 3 of the Dungeon)
Missiles
 d - 149 stones
Armour
 b - a +0 leather armour (worn)
 f - a +0 robe
   (You found it on level 4 of the Dungeon)
 g - a +0 leather armour
   (You found it on level 3 of the Dungeon)
 k - a +0 leather armour
   (You took it off an orc on level 3 of the Dungeon)
 l - a +0 robe
   (You found it on level 2 of the Dungeon)
 m - a +0 helmet (worn)
   (You found it on level 3 of the Dungeon)
 o - a +0 chain mail
   (You found it on level 3 of the Dungeon)
 p - a +0 ring mail
   (You took it off a hobgoblin on level 3 of the Dungeon)
 r - a +0 robe
   (You found it on level 3 of the Dungeon)
 s - a +0 leather armour
   (You took it off an orc on level 4 of the Dungeon)
 t - a +0 chain mail of fire resistance
   (You took it off an orc on level 4 of the Dungeon)
 w - a +0 robe
   (You took it off a centaur on level 4 of the Dungeon)
Jewellery
 N - a ring of positive energy (left hand)
   (You found it on level 2 of the Dungeon)
Wands
 u - a wand of iceblast (2)
   (You found it on level 4 of the Dungeon)
Scrolls
 h - 2 scrolls of vulnerability {!r!r}
 j - 2 scrolls of teleportation {@r4}
 v - a scroll of enchant weapon
 x - a scroll of noise {unknown}
Potions
 c - 3 potions of curing {unknown}
 e - 3 potions of might {unknown}
 i - a potion of lignification {unknown}
 n - a potion of attraction {unknown}

Dungeon Overview and Level Annotations

Branches:
Dungeon (4/15)
 Temple: D:4-7

Altars:
Gozag
Okawaru

#...............###
#..........## #
#..........# #
######..........########
##...#...................
##.................#######
#.................##
#.............#.#.########
#.......h@...##.#.........
#......K#################
##...##.............. ###
### #.).#..#..#..#. #..
#............. ##.
#.............. ##.
##............. #..
##..#..#..#..#. ###
#####...†.......... ..


You could see a hound and a kobold.


Message History

You kill the giant cockroach!
Lugonu accepts your kill.
You have reached level 6!
Your skin feels tougher. 😎 HP[+7] MP[+1]
You now have 57 max hp (+7).
Your hp is fully restored (57).
Your mp is fully restored (9).
There is a stone staircase leading down here.
You see here a giant cockroach corpse.
v - a scroll of enchant weapon A quokka comes into view.
You closely miss the quokka. The quokka barely misses you.
You completely miss the quokka. The quokka closely misses you.
The quokka twitches its whiskers.
The quokka barely misses you.
You barely miss the quokka. The quokka bites you. 😕 HP[-3]
You take 3 damage, and now have 54/57 hp.
You hit the quokka. The quokka barely misses you. 😕 HP[+1]
You hit the quokka but do no damage. The quokka bites you.
The quokka barely misses you. 😕 HP[-1]
You take 1 damage, and now have 54/57 hp.
You closely miss the quokka. The quokka barely misses you.
You puncture the quokka!
You kill the quokka!
Lugonu accepts your kill.
No target in view!
No target in view!
No target in view!
A centaur is nearby! 😕 HP[+1]
A centaur is nearby!
The centaur shouts!
The centaur shoots an arrow.
The arrow barely misses you.
The centaur shoots an arrow.
The arrow hits you! 😕 HP[-7]
You take 7 damage, and now have 48/57 hp.
Aiming: Iceblast
Press: ? - help, Shift-Dir - straight line The mass of ice explodes!
The iceblast engulfs the centaur!
The centaur shoots an arrow.
The arrow hits you. 😕 HP[-2]
You take 2 damage, and now have 46/57 hp.
Aiming: Iceblast
Press: ? - help, Shift-Dir - straight line The mass of ice explodes!
The iceblast engulfs the centaur!
You kill the centaur!
Lugonu accepts your kill.
Your Fighting skill increases to level 4!
Key pressed, stopping explore.
d - 149 stones (gained 18);
w - a +0 robe;
c - 3 ruby potions (gained 1)
You now have 139 gold pieces (gained 4).
You see here a +0 shortbow. 😎 HP[+11]
Your hp is fully restored (57).
x - a scroll labelled RAHOTA EFUFF A kobold comes into view.
It is wielding a +0 dagger and carrying a wand of acid (9).
The kobold shouts!
The kobold throws a stone.
The stone hits you. 😕 HP[-1]
You take 1 damage, and now have 56/57 hp.
A hound comes into view.
You reach to attack!
The hound barks!
You hit the kobold.
The kobold throws a stone.
The stone barely misses you.
You puncture the hound! The hound bites you but does no damage.
The kobold hits you but does no damage. The hound bites you. 😕 HP[-4]
You take 4 damage, and now have 52/57 hp.
You closely miss the hound. The hound barely misses you.
The kobold hits you with a +0 dagger.
You closely miss the hound. The hound bites you.
The hound bites you but does no damage.
The kobold hits you but does no damage. 😕 HP[-2]
You take 2 damage, and now have 50/57 hp.
You hit the kobold. The hound bites you.
The kobold zaps a wand.
The bolt of acid misses you.
The hound bites you but does no damage. 😕 HP[-3]
You take 3 damage, and now have 47/57 hp.
You closely miss the kobold. The hound bites you but does no damage.
The kobold barely misses you.
You closely miss the kobold. The hound bites you.
The kobold zaps a wand.
The bolt of acid hits you!!
* * * LOW HITPOINT WARNING * * *
The hound closely misses you. 😨 HP[-23]
You take 23 damage, and now have 24/57 hp.
MASSIVE DAMAGE!! (PAUSE)
Aiming: Spit Poison (1% risk of failure)
Press: ? - help, Shift-Dir - straight line, f/p - kobold
Aim: a kobold, wielding a +0 dagger, quivering stones and carrying a wand of acid (7) (moderately wounded, 50% to hit)
The splash of poison misses the kobold.
The hound bites you.
* * * LOW HITPOINT WARNING * * *
The kobold zaps a wand.
The bolt of acid hits you!!
You die...

Skill      XL: |  1  2  3  4  5  6 |
---------------+-------------------+-----
Spellcasting   | 1 2 |  2.2
Invocations    | 3 |  3.7
Polearms       | 3 |  3.4
Summonings     | 1 |  1.9
Fighting       | 4 |  4.1
Armour         | |  1.5
Dodging        | |  0.7

Action                   |  1- 3 |  4- 6 || total
-------------------------+-------+-------++-------
Melee: Spear             |   142 |    12 ||   154
       Punch             |     2 |     1 ||     3
       Trident           |       |    78 ||    78
Invok: Bend Space        |       |     2 ||     2
 Abil: Spit Poison       |     9 |    14 ||    23
Evoke: Wand              |       |     4 ||     4
  Use: Scroll            |     1 |     6 ||     7
Armor: Leather armour    |    21 |    17 ||    38
Dodge: Dodged            |    64 |    47 ||   111

Levels and vault maps discovered:
D:1:      ebering_trefoil_3fold, layout_basic, serial_curves, eino_curves_02,
          eino_curves_04, hellmonk_ecumenical_altar_pennies_from_heaven,
          minmay_misc_feat_ornament, chequers_serial_rivers_micro_a,
          lemuel_flame_loot_1
D:2:      layout_loops_ring
D:3:      layout_loops_ring, mainiacjoe_overflow_tiny_flanked
D:4:      layout_rooms, nicolae_gozag_conspicuous_consumption, temple_hall,
          nicolae_figureground_pulse

Notes
Turn   | Place    | Note
-------+----------+-------------------------------------------
     0 | Abyss:1  | spiderkeys the Naga Abyssal Knight began the quest for the
                  | Orb.
     0 | Abyss:1  | Reached XP level 1. HP: 21/21 MP: 2/2
     0 | Abyss:1  | magus.rc [v1.11.3]
    24 | D:1      | You pass through the gate.
    24 | D:1      | Escaped the Abyss
   170 | D:1      | Reached XP level 2. HP: 20/28 MP: 3/3
   553 | D:1      | Found a faded altar of an unknown god.
  1130 | D:1      | Reached XP level 3. HP: 34/34 MP: 4/4
  1330 | D:1      | Reached skill level 1 in Spellcasting
  2035 | D:2      | You pick up a book of Callings and begin reading...
  2035 | D:2      | You add the spells Summon Small Mammal, Call Canine
                  | Familiar and Summon Guardian Golem to your library.
  2120 | D:2      | Reached *** piety under Lugonu
  2123 | D:2      | Learned a level 1 spell: Summon Small Mammal
  2363 | D:2      | You pick up a book of Party Tricks and begin reading...
  2363 | D:2      | You add the spells Apportation and Alistair's Intoxication
                  | to your library.
  2637 | D:3      | Reached XP level 4. HP: 42/42 MP: 6/6
  3303 | D:3      | Found an iron altar of Okawaru.
  3357 | D:3      | You add the spells Gell's Gravitas, Teleport Other and
                  | Dispersal to your library.
  3469 | D:3      | Learned a level 3 spell: Gell's Gravitas
  3522 | D:4      | Reached skill level 3 in Invocations
  3840 | D:4      | Noticed an ogre
  3846 | D:4      | Noticed a centaur
  3851 | D:4      | Killed an ogre
  3852 | D:4      | Reached skill level 3 in Polearms
  3852 | D:4      | Reached skill level 1 in Summonings
  3852 | D:4      | Reached XP level 5. HP: 12/50 MP: 4/7
  4088 | D:4      | Found an opulent altar of Gozag.
  4093 | D:4      | Found an opulent altar of Gozag.
  4093 | D:4      | Found an opulent altar of Gozag.
  4110 | D:4      | Reached skill level 2 in Spellcasting
  4403 | D:4      | Reached XP level 6. HP: 57/57 MP: 9/9
  4447 | D:4      | Reached skill level 4 in Fighting
  4558 | D:4      | Killed from afar by a kobold

Vanquished Creatures
  An ogre (D:4)
  A centaur (D:4)
  A jelly (D:4)
  An iguana (D:4)
  An adder (D:2)
  2 worms
  2 dart slugs
  4 orcs
  5 endoplasms
  6 giant cockroaches
  5 goblins
  9 hobgoblins
  2 jackals (D:4)
  3 quokkas
  4 ball pythons
  6 bats
  3 frilled lizards
  5 kobolds
  5 rats
66 creatures vanquished.

Vanquished Creatures (others)
  An endoplasm (D:1)
  A kobold (D:1)
2 creatures vanquished.

Grand Total: 68 creatures vanquished

Table legend:
 A = Non-vault XP
 B = Vault XP
 C = Vault XP percentage of total XP
 D = Non-vault monster count
 E = Vault monster count
 F = Vault count percentage of total count
                 A         B        C        D         E       F
            +---------+---------+-------+---------+---------+-------
      Total |     430 |       0 |   0.0 |      66 |       0 |   0.0
            +---------+---------+-------+---------+---------+-------
        D:1 |      42 |       0 |   0.0 |      25 |       0 |   0.0
        D:2 |      36 |       0 |   0.0 |      13 |       0 |   0.0
        D:3 |      23 |       0 |   0.0 |      11 |       0 |   0.0
        D:4 |     329 |       0 |   0.0 |      17 |       0 |   0.0
            +---------+---------+-------+---------+---------+-------

Illustrated notes

Table legend:
 A = Kills in this place as a percentage of kills in entire the game.
 B = Kills by you in this place as a percentage of kills by you in the entire game.
 C = Kills by friends in this place as a percentage of kills by friends in the entire game.
 D = Other kills in this place as a percentage of other kills in the entire game.
 E = Experience gained in this place as a percentage of experience gained in the entire game.
 F = Experience gained in this place divided by the number of levels of this place that you have seen.
                   A       B       C       D       E      F
               +-------+-------+-------+-------+-------+----------------------
         Total | 100.0 | 100.0 |   N/A |   N/A | 100.0 |  86.0
       Dungeon | 100.0 | 100.0 |   N/A |   N/A | 100.0 | 107.5
               +-------+-------+-------+-------+-------+----------------------

Table legend: (Time is in decaauts)
 A = Elapsed time spent in this place.
 B = Non-inter-level travel time spent in this place.
 C = Inter-level travel time spent in this place.
 D = Time resting spent in this place.
 E = Time spent auto-exploring this place.
 F = Levels seen in this place.
 G = Mean time per level.
                   A        B        C        D        E       F      G
               +--------+--------+--------+--------+--------+-----+--------+
         Total |   5509 |   5369 |    140 |    824 |   3835 |   5 | 1101.8 |
       Dungeon |   5476 |   5336 |    140 |    824 |   3826 |   4 | 1369.0 |
         Abyss |     33 |     33 |      0 |      0 |      9 |   1 |   33.0 |
               +--------+--------+--------+--------+--------+-----+--------+

Top non-repeatable levels by time:
     D:1: 1935 daAuts
     D:4: 1214 daAuts
     D:3: 1200 daAuts
     D:2: 1126 daAuts
 Abyss:1: 33 daAuts
